 Dungeon Crawl Stone Soup version 0.28-a0-429-g1448048969 (webtiles) character file.

Game seed: 7527608531285959731

7 senseless the Skirmisher (level 1, 19/19 HPs)
             Began as a Draconian Cinder Acolyte on Sept 7, 2021.
             Was a High Priest of Ignis.
             Quit the game on level 1 of the Dungeon on Sept 10, 2021.
             The game lasted 00:01:26 (182 turns).

senseless the Skirmisher (Draconian Cinder Acolyte)  Turns: 182, Time: 00:01:26

Health: 19/19      AC:  4    Str: 16    XL:     1   Next: 91%
Magic:  2/2        EV: 11    Int: 14    God:    Ignis [*****.]
Gold:   0          SH:  0    Dex:  6    Spells: 2/2 levels left

rFire   + . .      SeeInvis .   a - -1 mace (flame)
rCold   . . .      Faith    .   (no shield)
rNeg    . . .      Spirit   .   (armour unavailable)
rPois   .          Reflect  .   (helmet restricted)
rElec   .          Harm     .   (no cloak)
rCorr   .          Rampage  .   (no gloves)
Will    .....                   (no boots)
Stlth   +.........              (no amulet)
HPRegen 0.06/turn               (no ring)
MPRegen 0.08/turn               (no ring)

@: no status effects
A: AC +4, unfitting armour, cold-blooded
a: Renounce Religion, Sea of Fire, Foxfire Swarm, Rising Flame


You were on level 1 of the Dungeon.
You worshipped Ignis.
Ignis was extremely pleased with you.
You visited 1 branch of the dungeon, and saw 1 of its levels.

Inventory:

Hand Weapons
 a - a -1 mace of flaming (weapon)
Scrolls
 b - a scroll of brand weapon {unknown}


   Skills:
 + Level 3.6 Fighting
 + Level 3.0 Maces & Flails
 + Level 1.0 Spellcasting
 + Level 3.2 Fire Magic


You had 2 spell levels left.
You didn't know any spells.
Your spell library contained the following spells:

 Spells                   Type           Power      Damage    Failure   Level
 Scorch                   Fire           18%        2d5       11%         2


Dungeon Overview and Level Annotations

Branches:
Dungeon (1/15)

Altars:


Innate Abilities, Weirdness & Mutations

Your plain brown scales are hard. (AC +4)
You cannot fit into any form of body armour.
You are cold-blooded and may be slowed by cold attacks.


Message History

You hit the giant cockroach. You burn the giant cockroach.
You kill the giant cockroach!
No target in view!
A jackal comes into view.
The jackal barks!
A jackal comes into view.
The jackal barks!
You hear a shout!
You closely miss the jackal. The jackal closely misses you.
You barely miss the jackal.
The jackal bites you but does no damage.
You hit the jackal but do no damage.
A goblin comes into view. It is wielding a +0 club.
The jackal closely misses you.
You hit the jackal. You burn the jackal.
You kill the jackal!
The jackal barely misses you. The jackal completely misses you.
You barely miss the jackal.
Your tail-slap misses the jackal.
The jackal bites you.
The jackal bites you but does no damage.
You hit the jackal but do no damage. The jackal bites you.
The jackal closely misses you.
You closely miss the jackal.
The jackal bites you but does no damage.
You barely miss the goblin. The jackal barely misses you.
The goblin closely misses you. The jackal closely misses you.
You hit the goblin. You burn the goblin.
You kill the goblin!
The jackal bites you but does no damage.
The jackal bites you.
You thump the jackal! You burn the jackal.
You kill the jackal!
No target in view!
Things that are here:
a +0 club; a jackal corpse
b - a scroll labelled VIL AMISABECK A giant cockroach comes into view.
Welcome back, senseless the Draconian Cinder Acolyte.
The flames of Ignis gently warm you.
Press ? for a list of commands and other information.
Are you sure you want to abandon this character and quit the game? (Confirm with "yes".)

## .## .. ... .
#.# #. #.
###.##### #. #.#
##.......# ###.
#..##........#
...
#.@.........#.#
#.
##..........#.#
#. ##.#.#.....#.#
#.
#.#.#.......####.
#....#####.....#.
#......###.###..(
#....#..#........
#B#####....####..
#. #......).###.


You could see a giant cockroach (wandering).

Vanquished Creatures
  A bat (D:1)
  A giant cockroach (D:1)
  A goblin (D:1)
  2 jackals (D:1)
  A ball python (D:1)
6 creatures vanquished.

Notes
Turn   | Place    | Note
-------+----------+-------------------------------------------
     0 | D:1      | senseless the Draconian Cinder Acolyte began the quest for
                  | the Orb.
     0 | D:1      | Reached XP level 1. HP: 19/19 MP: 2/2
   182 | D:1      | Upgraded the game from 0.28-a0-413-gde365fb1df to
                  | 0.28-a0-429-g1448048969
   182 | D:1      | Quit the game

Illustrated notes

Levels and vault maps discovered:
D:1:      sevenhm_arrival_forest_fort_small_3, layout_rooms,
          minmay_misc_feat_tower

Action                   || total
-------------------------++-------
Melee: Mace              ||    15
Armor: Skin              ||     6
Dodge: Dodged            ||    10

Table legend: (Time is in decaauts)
 A = Elapsed time spent in this place.
 B = Non-inter-level travel time spent in this place.
 C = Inter-level travel time spent in this place.
 D = Time resting spent in this place.
 E = Time spent auto-exploring this place.
 F = Levels seen in this place.
 G = Mean time per level.
                   A        B        C        D        E       F      G
               +--------+--------+--------+--------+--------+-----+--------+
         Total |    185 |    185 |      0 |      0 |    155 |   1 |  185.0 |
       Dungeon |    185 |    185 |      0 |      0 |    155 |   1 |  185.0 |
               +--------+--------+--------+--------+--------+-----+--------+

Top non-repeatable levels by time:
     D:1: 185 daAuts
